 Dungeon Crawl Stone Soup version 0.18-a0-998-gcb3fcb1 (webtiles) character file.

104 esc the Insei (level 4, -2/29 HPs)
             Began as an Octopode Transmuter on Jan 5, 2016.
             Killed from afar by Natasha (10 damage)
             ... with a wand of flame
             ... on level 2 of the Dungeon.
             The game lasted 00:05:55 (1484 turns).

esc the Insei (Octopode Transmuter)                 Turns: 1484, Time: 00:05:55

Health: -2/29      AC:  3    Str:  9    XL:     4   Next: 80%
Magic:  7/8        EV: 12    Int: 16    God:
Gold:   64         SH:  0    Dex: 12    Spells: 2 memorised, 4 levels left

rFire  . . .     SeeInvis .       - Unarmed
rCold  . . .     Gourm    .     (no shield)
rNeg   . . .     Faith    .     (helmet restricted)
rPois  .         Spirit   .     (no amulet)
rElec  .         Dismiss  .     (no ring)
rCorr  .         Reflect  .     (no ring)
SustAt .         Harm     .     (no ring)
MR     .....                    (no ring)
Stlth  ++........               (no ring)
                                (no ring)
                                (no ring)
                                (no ring)

@: very slightly contaminated, not resistant to hostile enchantments, unstealthy
A: almost no armour, amphibious, 8 rings, constrict 8, thin metallic scales 1,
camouflage 1, gelatinous body 1
a: no special abilities


You were on level 2 of the Dungeon.
You were not hungry.

You visited 1 branch of the dungeon, and saw 2 of its levels.

You collected 64 gold pieces.

Inventory:

Missiles
 a - 31 arrows
Scrolls
 e - 2 scrolls of identify
Books
 b - a book of Changes
Comestibles
 c - a bread ration {@e1}
 d - 2 beef jerkies
 f - 4 chunks of flesh {@w0}


   Skills:
 + Level 2.2 Fighting
 + Level 2.4 Dodging
 + Level 3.5 Unarmed Combat
 + Level 2.8 Spellcasting
 + Level 2.7 Transmutations


You had 4 spell levels left.
You knew the following spells:

 Your Spells              Type           Power        Failure   Level  Hunger
a - Beastly Appendage     Trmt           ##....       10%         1    #......
c - Spider Form           Trmt/Pois      #.........   34%         3    ###....


Dungeon Overview and Level Annotations

Branches:
Dungeon (2/15)

Altars:
Gozag

Annotations:
D:2 Natasha


Innate Abilities, Weirdness & Mutations

You cannot wear most types of armour.
You are amphibious.
You can wear up to eight rings at the same time.
You can use your tentacles to constrict eight enemies at once.
Your skin changes colour to match your surroundings (Stealth).
Your rubbery body absorbs attacks (AC +1).
You are partially covered in thin metallic scales (AC +2).


Message History

Your tentacle spike disappears.
You start resting.
Some of the chunks of flesh in your inventory have rotted away.
Eating one of 7 chunks of flesh {@w0}.
You continue eating. x2
Some of the chunks of flesh in your inventory have rotted away.
A hobgoblin comes into view. It is wielding a club.
You regained 10 hp, and now have 17/29 hp.
MP restored: 8 The hobgoblin shouts!
The hobgoblin drinks a potion.
The hobgoblin suddenly seems more agile.
A bat comes into view.
You see here 2 scrolls of identify.
e - 2 scrolls of identify One of your tentacles grows a vicious spike.
You now have 7/8 mp.
You barely miss the hobgoblin. Your grab misses the hobgoblin.
The hobgoblin hits you with a club.
You take 6 damage, and have 12/29 hp.
MASSIVE DAMAGE!!
You tentacle-slap the hobgoblin. You grab the hobgoblin.
You constrict the hobgoblin.
You kill the hobgoblin!
Things that are here:
a club; a hobgoblin corpse You butcher the hobgoblin corpse.
f - 9 chunks of flesh {@w0} (gained 4)
You see here a club.
There isn't anything to butcher here.
There isn't anything to butcher here.
Read which item? (? for menu, Esc to quit)
Okay, then.
You aren't carrying any potions.
You start resting.
Some of the chunks of flesh in your inventory have rotted away.
Your transformation is almost over.
MP restored: 8
Okay, then.
Okay, then.
You start resting.
Your tentacle spike disappears.
You start resting.
You regained 4 hp, and now have 18/29 hp.
A bat is nearby!
Natasha, Servant of Life and Death comes into view.
You see here a club.
You start resting.
Some of the chunks of flesh in your inventory have rotted away.
You regained 2 hp, and now have 20/29 hp.
You start resting.
You see here a club.
You start resting.
You regained 2 hp, and now have 23/29 hp.
A kobold comes into view. It is wielding a club.
The bat closely misses you.
You closely miss the bat.
The kobold shouts!
Your grab misses the bat. The bat barely misses you. The bat barely misses you.
You miscast Beastly Appendage.
You are very lightly contaminated with residual magic.
Waves of light ripple over your body. The bat closely misses you.
You now have 7/8 mp.
You miss the bat. You grab the bat. You constrict the bat.
The bat barely misses you.
The bat struggles to escape constriction. x2
One of your tentacles grows a vicious spike.
You constrict the bat. The bat completely misses you.
The bat struggles to escape constriction.
The kobold hits you with a club.
The bat struggles to escape constriction.
You take 2 damage, and have 22/29 hp.
You now have 6/8 mp.
You tentacle-slap the bat.
You kill the bat!
The kobold hits you with a club.
You take 3 damage, and have 19/29 hp.
You barely miss the kobold. You grab the kobold. You squeeze the kobold.
You kill the kobold!
Your transformation is almost over.
The worm is too close now for your liking.
You completely miss the worm. You grab the worm. You constrict the worm.
You barely miss the worm.
You pierce the worm.
You constrict the worm. The worm closely misses you.
You completely miss the worm.
You pierce the worm, but do no damage.
You constrict the worm. The worm bites you!
You take 8 damage, and have 12/29 hp.
MASSIVE DAMAGE!!
You barely miss the worm.
Your tentacle spike disappears.
You constrict the worm. You tentacle-slap the worm.
You squeeze the worm, but do no damage. You constrict the worm.
The worm bites you.
* * * LOW HITPOINT WARNING * * *
You take 4 damage, and have 8/29 hp.
Unknown command.
You release your grip on the worm.
Natasha zaps a wand.
The puff of flame hits you!
You die...

#..#.#..PPP. .##
##...#..PP... ...# ... . P
..♣♣♣♣♣♣..(. .♣# .
......... ... #..##... ...
#♣.#####.##..# ...
#...........## ...
#.####...#...# ..>
#.#.@.....)#.# ...
#.w.##)..###.#####...
#...........##......#...#
..............).).........
##...#...#...####.#######.
#.#.##h.#.### #h..# .. .
......# ###.# # # ##....#
.# #.... .


You could see a worm and Natasha.

Vanquished Creatures
  Natasha (twice) (D:2)
  An adder (D:2)
  An ooze (D:1)
  A giant gecko (D:1)
  A ball python (D:1)
  7 bats
  3 giant cockroaches
  4 goblins
  5 hobgoblins
  2 giant newts (D:1)
  5 kobolds
  6 rats
38 creatures vanquished.

Notes
Turn   | Place    | Note
--------------------------------------------------------------
     0 | D:1      | esc the Octopode Transmuter began the quest for the Orb.
     0 | D:1      | Reached XP level 1. HP: 13/13 MP: 3/3
   320 | D:1      | Reached XP level 2. HP: 13/18 MP: 0/5
   398 | D:1      | Gained mutation: You are robust (+10% HP). [potion of mutation]
   398 | D:1      | Gained mutation: You are partially covered in thin metallic scales (AC +2). [potion of mutation]
   398 | D:1      | Lost mutation: You are robust (+10% HP). [potion of mutation]
   882 | D:1      | Reached XP level 3. HP: 19/23 MP: 4/6
   984 | D:2      | Found a faded altar to an unknown god.
  1094 | D:2      | Noticed Natasha
  1104 | D:2      | Killed Natasha
  1104 | D:2      | Reached XP level 4. HP: 26/29 MP: 5/7
  1134 | D:2      | Found an opulent altar of Gozag.
  1134 | D:2      | Noticed Natasha
  1168 | D:2      | Learned a level 3 spell: Spider Form
  1180 | D:2      | Reached skill level 2 in Fighting
  1187 | D:2      | Killed Natasha
  1197 | D:2      | HP: 7/29 [poisoned by an adder]
  1205 | D:2      | HP: 6/29 [poisoned by an adder]
  1403 | D:2      | Noticed Natasha
  1484 | D:2      | Killed from afar by Natasha

Vault maps used:
D:1:      dpeg_arrival_concentric_ovals
D:2:      lemuel_coloured_pillars_altar, lemuel_crystal_altar, serial_forest,
          infiniplex_forest_lined_room_3, infiniplex_forest_clump_C,
          infiniplex_forest_lined_3, infiniplex_forest_side_room,
          infiniplex_forest_clump_small, infiniplex_forest_straight_2,
          infiniplex_forest_corner_1, infiniplex_forest_clump_long,
          infiniplex_forest_clump_long, ecumenical_altar_1, uniq_natasha

Action                   |  1- 3 |  4- 6 || total
-------------------------+-------+-------++-------
Melee: Unarmed           |    49 |    40 ||    89
 Cast: Beastly Appendage |    11 |     5 ||    16
       Spider Form       |       |     1 ||     1
  Use: Scroll            |     4 |     1 ||     5
       Potion            |     1 |     1 ||     2
 Stab: Sleeping          |     9 |       ||     9
  Eat: Chunk             |     1 |     1 ||     2

Vault maps used:
D:1:      dpeg_arrival_concentric_ovals
D:2:      lemuel_coloured_pillars_altar, lemuel_crystal_altar, serial_forest,
          infiniplex_forest_lined_room_3, infiniplex_forest_clump_C,
          infiniplex_forest_lined_3, infiniplex_forest_side_room,
          infiniplex_forest_clump_small, infiniplex_forest_straight_2,
          infiniplex_forest_corner_1, infiniplex_forest_clump_long,
          infiniplex_forest_clump_long, ecumenical_altar_1, uniq_natasha

Table legend:
 A = Turns spent in this place as a percentage of turns spent in the entire game.
 B = Non-inter-level travel turns spent in this place as a percentage of non-inter-level travel turns spent in the entire game.
 C = Inter-level travel turns spent in this place as a percentage of turns spent in this place.
 D = Turns resting spent in this place as a percentage of non-inter-level travel turns spent in this place.
 E = Turns spent auto-exploring this place as a percentage of non-inter-level travel turns spent in this place.
 F = Non-inter-level travel turns spent in this place divided by the number of levels of this place that you've seen.
                   A       B       C       D       E      F
               +-------+-------+-------+-------+-------+----------------------
         Total | 100.0 | 100.0 |   0.5 |   5.6 |   7.4 | 197.0
       Dungeon | 100.0 | 100.0 |   0.5 |   5.6 |   7.4 | 197.0
               +-------+-------+-------+-------+-------+----------------------

Table legend:
 A = Kills in this place as a percentage of kills in entire the game.
 B = Kills by you in this place as a percentage of kills by you in the entire game.
 C = Kills by friends in this place as a percentage of kills by friends in the entire game.
 D = Other kills in this place as a percentage of other kills in the entire game.
 E = Experience gained in this place as a percentage of experience gained in the entire game.
 F = Experience gained in this place divided by the number of levels of this place that you have seen.
                   A       B       C       D       E      F
               +-------+-------+-------+-------+-------+----------------------
         Total | 100.0 | 100.0 |  -nan |  -nan | 100.0 |  74.5
       Dungeon | 100.0 | 100.0 |  -nan |  -nan | 100.0 |  74.5
               +-------+-------+-------+-------+-------+----------------------
